 Dungeon Crawl Stone Soup version 0.28.0 (webtiles) character file.

Game seed: 9790832995599924114

8611 browni3141 the Fighter (level 11, -1/153 HPs)
             Began as a Minotaur Berserker on Feb 10, 2022.
             Was an Elder of Trog.
             Slain by a wraith (4 damage)
             ... led by Josephine
             ... on level 10 of the Dungeon.
             The game lasted 00:08:16 (11787 turns).

browni3141 the Fighter (Minotaur Berserker)        Turns: 11787, Time: 00:08:17

Health: -1/153     AC: 20    Str: 30    XL:     11   Next: 12%
Magic:  19/19      EV: 12    Int:  9    God:    Trog [****..]
Gold:   482        SH:  0    Dex: 10    Spells: 10/10 levels left

rFire   + + .      SeeInvis .   c - +2 executioner's axe (flame)
rCold   . . .      Faith    .   (shield currently unavailable)
rNeg    . . .      Spirit   .   E - +4 chain mail {rF+}
rPois   .          Reflect  .   (helmet restricted)
rElec   .          Harm     .   G - +2 cloak
rCorr   .          Rampage  .   (no gloves)
Will    .....                   i - +0 pair of boots
Stlth   ..........              (no amulet)
HPRegen 0.35/turn               D - ring of Honesty {rF+ MP+9 Str+4 Int+5}
MPRegen 0.16/turn               (no ring)

@: berserking, slowed
A: horns 2, retaliatory headbutt
a: Renounce Religion, Berserk, Trog's Hand, Brothers in Arms


You were on level 10 of the Dungeon.
You worshipped Trog.
Trog was greatly pleased with you.
You visited 1 branch of the dungeon, and saw 10 of its levels.
You also visited: Bailey.

You collected 482 gold pieces.

Inventory:

Hand Weapons
 a - a +0 hand axe
 c - a +2 executioner's axe of flaming (weapon)
 o - a +0 war axe
 B - a +0 battleaxe
 C - a +0 broad axe
Missiles
 J - 2 throwing nets (quivered)
Armour
 b - a +0 animal skin
 i - a +0 pair of boots (worn)
 v - a +0 plate armour
 E - a +4 chain mail of fire resistance (worn)
 G - a +2 cloak (worn)
Jewellery
 D - the ring of Honesty (left hand) {rF+ MP+9 Str+4 Int+5}
   (You acquired it on level 8 of the Dungeon)

   [ring of magical power]

   Str:       It affects your strength (+4).
   Int:       It affects your intelligence (+5).
   rF:        It protects you from fire.
   MP:        It affects your magic capacity (+9).
Wands
 u - a wand of paralysis (3)
 w - a wand of digging (7)
 y - a wand of acid (11)
Scrolls
 g - 3 scrolls of fog
 h - 2 scrolls of blinking
 k - 4 scrolls of immolation
 q - a scroll of enchant armour
 s - a scroll of vulnerability
 t - 3 scrolls of teleportation
 x - a scroll of fear
 F - 2 scrolls of amnesia
 H - a scroll of summoning
Potions
 d - 6 potions of curing
 e - 3 potions of heal wounds
 f - 2 potions of flight {unknown}
 j - 2 potions of might {unknown}
 l - a potion of magic {unknown}
 m - 3 potions of haste {unknown}
 n - 2 potions of degeneration {unknown}
 r - 2 potions of brilliance {unknown}
 z - a potion of lignification {unknown}
 A - 2 potions of mutation {unknown}
 K - a potion of resistance {unknown}


   Skills:
 + Level 11.1 Fighting
 + Level 11.0 Axes
 + Level 10.7 Armour
 + Level 9.7 Dodging


You had 10 spell levels left.
You didn't know any spells.
Your spell library was empty.

Dungeon Overview and Level Annotations

Branches:
Dungeon (10/15)            Temple (0/1) D:5            Lair (0/6) D:10
 Bailey (visited)
    Orc: D:9-12

Altars:
Fedhas
Kikubaaqudgha
Qazlal
Wu Jian

Shops:
D:1 =   D:3 :?*=   D:7 :   D:8 =


Innate Abilities, Weirdness & Mutations

You have a pair of horns on your head.
You reflexively headbutt those who attack you in melee.


Message History

You slice the wraith!! You burn the wraith.
You feel the power of Trog in you as your rage grows.
You destroy the wraith!
Trog accepts your kill.
You closely miss the wraith. Josephine hits you but does no damage.
The wraith hits you but does no damage. x3
Your Axes skill increases to level 11!
Unknown command.
You barely miss the wraith. You headbutt the wraith!
The wraith is heavily damaged.
You slash Josephine! You burn Josephine. You hit the wraith.
You burn the wraith. You slice the wraith!! You burn the wraith.
Josephine hits you but does no damage.
The wraith hits you but does no damage. x2
The wraith hits you!
* * * LOW HITPOINT WARNING * * *
The wraith drains your vigour!
You feel as though you will be slow longer.
A centaur warrior zombie comes into view.
Josephine closely misses you.
Unknown command.
You barely miss Josephine. You headbutt Josephine!
Josephine is heavily wounded.
You barely miss the wraith. You closely miss the wraith. x2
The wraith barely misses you. The wraith hits you but does no damage.
The wraith hits you!
* * * LOW HITPOINT WARNING * * *
The wraith drains your vigour!
You feel as though you will be slow longer.
Josephine hits you but does no damage. The wraith hits you but does no damage.
Unknown command.
You open Josephine like a pillowcase!!! You burn Josephine!
You kill Josephine!
Trog accepts your kill.
Trog appreciates your killing of a magic user.
You hit the wraith but do no damage. You barely miss the wraith. x2
The wraith misses you. You furiously retaliate!
You headbutt the wraith, but do no damage.
The wraith closely misses you. x2; The wraith hits you but does no damage.
The wraith hits you.
You die...

#...#
#......#
###.#
#####.## #.#
##.# #.# ##.
#.# #. #.# ##
#.# #
####.####...<
#
#....@WZ.....
#
#.#.W)W......
# #
###.....### #
........# #
.........
..#####
..........
#......
....>.....
..####.
........P..
#. #.


You could see 3 wraiths and a centaur warrior zombie.

Vanquished Creatures
  Josephine (D:10)
  The ghost of indyram44 the Covered, a novice DsBe of Trog (D:8)
  An orc knight (Bailey)
  An orc sorcerer (Bailey)
  A kobold demonologist (Bailey)
  A hornet (D:8)
  2 wyverns
  3 wraiths (D:10)
  Grum (D:8)
  Edmund (D:4)
  2 steam dragons
  A water moccasin (D:9)
  3 wargs (D:10)
  An acid dragon (D:10)
  12 orc warriors
  An ice beast (D:6)
  A black bear (D:7)
  A hornet zombie (D:6)
  4 ogres
  4 wolves (D:8)
  3 centaurs
  A phantom (D:6)
  Blork the orc (D:5)
  A kobold brigand (D:9)
  A bullfrog (D:9)
  A gnoll sergeant (D:9)
  3 scorpions
  A wyvern zombie (D:7)
  A water moccasin skeleton (D:4)
  6 killer bees (D:9)
  9 howler monkeys
  4 electric eels (Bailey)
  A centaur zombie (D:9)
  2 hounds
  7 orc priests
  A bullfrog zombie (D:5)
  2 jellies
  3 centaur skeletons
  An iguana (D:5)
  Ijyb (D:5)
  Natasha (thrice) (D:3)
  8 orc wizards
  A killer bee zombie (D:9)
  2 hound skeletons
  2 howler monkey zombies
  Robin (D:3)
  17 gnolls
  7 adders
  A white imp (D:6)
  2 worms (D:2)
  2 dart slugs
  47 orcs
  4 endoplasms
  4 giant cockroaches (D:1)
  20 goblins
  9 hobgoblins
  12 jackals (D:4)
  4 quokkas
  3 ball pythons
  2 bats
  6 frilled lizards
  12 kobolds
  5 rats
267 creatures vanquished.

Vanquished Creatures (others)
  3 bushes (D:5)
  11 plants (D:5)
14 creatures vanquished.

Grand Total: 281 creatures vanquished

Notes
Turn   | Place    | Note
-------+----------+-------------------------------------------
     0 | D:1      | browni3141 the Minotaur Berserker began the quest for the
                  | Orb.
     0 | D:1      | Reached XP level 1. HP: 19/19 MP: 0/0
   241 | D:1      | Reached XP level 2. HP: 27/27 MP: 1/1
   267 | D:1      | Found Ythicaha's Jewellery Shop.
   391 | D:1      | You fall into a shaft and drop 1 floor!
   627 | D:2      | Reached XP level 3. HP: 30/33 MP: 2/2
   957 | D:2      | Reached ** piety under Trog
  1500 | D:3      | Reached XP level 4. HP: 40/41 MP: 3/3
  1744 | D:3      | Found Vutisa's Book Shop.
  1771 | D:3      | Found Datsel's Magic Scroll Boutique.
  1817 | D:3      | Found Kineitw Vuvo's Assorted Antiques.
  1991 | D:3      | Noticed Natasha
  1994 | D:3      | Killed Natasha
  1995 | D:3      | Reached XP level 5. HP: 47/47 MP: 4/4
  2056 | D:3      | Noticed Robin
  2061 | D:3      | Killed Robin
  2272 | D:3      | Found Nickiwor's Jewellery Shop.
  2497 | D:3      | Noticed a golden eye
  2501 | D:3      | Found a faded altar of an unknown god.
  2508 | D:3      | Noticed a golden eye
  2508 | D:3      | Noticed an eye of devastation
  2508 | D:3      | Noticed a great orb of eyes
  2537 | D:3      | Noticed Natasha
  2543 | D:3      | Killed Natasha
  2544 | D:3      | Reached skill level 5 in Axes
  2561 | D:3      | Noticed Natasha
  2572 | D:3      | Killed Natasha
  2573 | D:3      | Reached skill level 5 in Fighting
  2761 | D:4      | Found an ancient bone altar of Kikubaaqudgha.
  2765 | D:4      | Noticed a centaur
  2772 | D:4      | Killed a centaur
  2773 | D:4      | Reached XP level 6. HP: 22/56 MP: 5/5
  3475 | D:4      | Reached skill level 5 in Armour
  3475 | D:4      | Reached XP level 7. HP: 55/62 MP: 6/6
  3782 | D:4      | Noticed Edmund
  3795 | D:4      | Reached *** piety under Trog
  3804 | D:4      | Killed Edmund
  4272 | D:4      | Reached skill level 5 in Dodging
  4394 | D:5      | Entered Level 5 of the Dungeon
  4557 | D:5      | Found a staircase to the Ecumenical Temple.
  4805 | D:5      | Noticed Blork the orc
  4816 | D:5      | Killed Blork the orc
  4817 | D:5      | Reached XP level 8. HP: 54/71 MP: 7/7
  5251 | D:5      | Noticed Ijyb
  5256 | D:5      | Killed Ijyb
  5513 | D:5      | Found a blossoming altar of Fedhas.
  6875 | D:7      | Reached XP level 9. HP: 66/81 MP: 8/8
  7086 | D:7      | Found Lonecom's Book Boutique.
  7334 | D:7      | Found an ornate altar of the Wu Jian Council.
  7788 | D:8      | Noticed indyram44's ghost (novice DsBe)
  7788 | D:8      | Found a runed translucent door.
  7832 | D:8      | Found a flagged portal.
  7854 | Bailey   | Entered a bailey
  8096 | Bailey   | Noticed an orc knight
  8111 | Bailey   | Killed an orc knight
  8211 | Bailey   | Noticed an orc sorcerer
  8213 | Bailey   | Noticed a sixfirhy
  8216 | Bailey   | Killed an orc sorcerer
  8576 | Bailey   | Found an iron altar of Okawaru.
  8576 | Bailey   | Noticed a kobold demonologist
  8583 | Bailey   | Noticed a sixfirhy
  8590 | Bailey   | Killed a kobold demonologist
  8591 | Bailey   | Reached XP level 10. HP: 77/91 MP: 9/9
  8897 | Bailey   | Reached **** piety under Trog
  9570 | D:8      | Found a stormy altar of Qazlal.
  9601 | D:8      | Noticed Grum
  9602 | D:8      | Paralysed by a hornet for 2 turns
  9607 | D:8      | Reached skill level 10 in Fighting
  9612 | D:8      | Killed Grum
  9613 | D:8      | Reached skill level 10 in Axes
  9974 | D:8      | Found Nian Feic's Jewellery Shoppe.
 10278 | D:8      | Killed indyram44's ghost
 10389 | D:8      | Acquired a +0 executioner's axe of flaming
 10392 | D:8      | Acquired the ring of Honesty {rF+ MP+9 Str+4 Int+5}
 10403 | D:9      | Reached skill level 10 in Armour
 11530 | D:10     | Entered Level 10 of the Dungeon
 11758 | D:10     | Reached XP level 11. HP: 99/101 MP: 10/10
 11774 | D:10     | Found a staircase to the Lair.
 11777 | D:10     | Noticed Josephine
 11782 | D:10     | Reached ***** piety under Trog
 11786 | D:10     | HP: 3/153 [wraith[Josephine] (10)]
 11787 | D:10     | Killed Josephine
 11787 | D:10     | Slain by a wraith

Illustrated notes

Levels and vault maps discovered:
D:1:      dpeg_arrival_prison, layout_rooms, serial_shops, shop, minivault_26
D:2:      layout_rooms
D:3:      layout_basic, hellmonk_ecumenical_altar_watching_god, serial_shops,
          shop, nicolae_shop_crystal, shop, nicolae_diamond_shop,
          hangedman_glass_teeth, minmay_cut_off, uniq_natasha, uniq_robin
D:4:      layout_loops_ring, nicolae_kikubaaqudgha_miasma_corner,
          serial_co_window_serial, co_window_paths_a, co_window_corner_a,
          co_window_of_opportunity_a, co_window_of_opportunity_a,
          co_window_paths_a, co_window_unsneaky_path_e,
          co_window_of_opportunity_c, co_window_of_opportunity_c,
          co_window_corner_b, co_window_paths_e, glass_columns_a,
          glass_columns_c, uniq_edmund
D:5:      layout_basic, fedhas_altar_decomposition,
          minmay_temple_entry_purple_smoke, uniq_ijyb, uniq_blork_the_orc
D:6:      layout_cave_pools, chequers_serial_rivers_small_b,
          minmay_misc_feat_room
D:7:      layout_basic, mainiacjoe_overflow_six_doors_small, serial_shops, shop
D:8:      layout_basic, nicolae_qazlal_general_emergency,
          hellmonk_ghost_happy_afterlife, enter_bailey_5,
          minmay_shop_enchanted_jewellery, uniq_grum
D:9:      layout_big_octagon
D:10:     layout_loops_cross, erik_lair_orcish_takeover, special_room
          [special_room_orc], uniq_josephine

Skill      XL: |  1  2  3  4  5  6  7  8  9 10 11 |
---------------+----------------------------------+-----
Axes           | 4 5 6 7 9 10 11 | 11.0
Fighting       | 4 5 6 8 9 10 11 | 11.1
Armour         | 3 4 5 6 7 9 10 | 10.7
Dodging        | 3 4 5 6 8 9 |  9.7

Action                   |  1- 3 |  4- 6 |  7- 9 | 10-12 || total
-------------------------+-------+-------+-------+-------++-------
Melee: Hand axe          |    74 |    48 |       |       ||   122
       Headbutt          |     8 |     6 |    39 |    27 ||    80
       Punch             |     1 |       |     4 |       ||     5
       War axe           |       |    29 |   168 |       ||   197
       Battleaxe         |       |       |    92 |    57 ||   149
       Executioner's axe |       |       |       |    84 ||    84
Throw: Throwing net      |       |       |     1 |       ||     1
Invok: Berserk           |     2 |     4 |    10 |     5 ||    21
Evoke: Wand              |       |       |     5 |       ||     5
  Use: Scroll            |       |       |       |    16 ||    16
 Stab: Sleeping          |     2 |       |       |       ||     2
       Paralysed         |       |       |     7 |       ||     7
Armor: Animal skin       |    20 |     6 |    14 |       ||    40
       Plate armour      |       |       |    89 |     5 ||    94
       Chain mail        |       |       |       |   115 ||   115
Dodge: Dodged            |    44 |    59 |   163 |   142 ||   408
